 Dungeon Crawl Stone Soup version 0.25-a0-185-g6cfeca75b2 (webtiles) character file.

Game seed: 17115034624976418570, levelgen mode: deterministic

35 sanka the Gusty (level 3, 13/17 HPs)
             Began as a Felid Wanderer on Nov 28, 2019.
             Quit the game on level 1 of the Dungeon.
             The game lasted 00:02:51 (1418 turns).

sanka the Gusty (Felid Wanderer)                    Turns: 1418, Time: 00:02:52

Health: 13/17      AC:  1    Str:  8    XL:     3   Next: 17%
Magic:  0/4        EV: 15    Int: 13    God:
Gold:   51         SH:  0    Dex: 16    Spells: 1/2 levels left
                                        Lives:  0   Deaths: 0

rFire    . . .     SeeInvis +     - Unarmed
rCold    . . .     Gourm    .   (shield unavailable)
rNeg     . . .     Faith    .   (armour unavailable)
rPois    .         Spirit   .   (helmet unavailable)
rElec    .         Reflect  .   (cloak unavailable)
rCorr    .         Harm     .   (gloves unavailable)
MR       .....                  (boots unavailable)
Stlth    ++........             (no amulet)
HPRegen  0.05/turn              (no ring)
MPRegen  0.09/turn              (no ring)

@: quick
A: very small, no armour, no weapons or thrown items, stealth, claws 1, fangs 3,
see invisible, carnivore, speed 1, shaggy fur 1, slow metabolism 1, sharp paws
a: no special abilities


You were on level 1 of the Dungeon.
You were completely stuffed.

You visited 1 branch of the dungeon, and saw 1 of its levels.

You collected 51 gold pieces.


Innate Abilities, Weirdness & Mutations

You cannot wear armour.
You are incapable of wielding weapons or throwing items.
Your paws allow you to move quietly. (Stealth)
You have sharp claws.
You have razor-sharp teeth.
You have supernaturally acute eyesight. (SInv)
You are carnivorous and can eat meat at any time.
You cover ground quickly.
You are covered in fur. (AC +1)
You have a slow metabolism.
Your sharp claws are effective at attacking unaware monsters.


   Skills:
 - Level 3.0 Fighting
 - Level 1.3 Stealth
 - Level 2.0 Unarmed Combat
 + Level 0.1 Spellcasting
 * Level 1.6 Conjurations
 * Level 3.3 Air Magic
   Level 1.1 Evocations


You had one spell level left.
You knew the following spells:

 Your Spells              Type           Power        Failure   Level  Hunger
z - Shock                 Conj/Air       #...         11%         1    ##.....

Your spell library contained the following spells:

 Spells                   Type           Power        Failure   Level  Hunger
 Swiftness                Chrm/Air       #.......     24%         2    ###....
 Static Discharge         Conj/Air       #.......     32%         3    ####...
 Airstrike                Air            #.........   61%         4    #####..
 Lightning Bolt           Conj/Air       #.........   97%         5    ######.

Inventory:

Scrolls
 e - a scroll of fear {unknown}
Potions
 b - 2 potions of lignification {!q}
 d - a potion of ambrosia {unknown}
Comestibles
 a - 4 chunks of flesh
 c - 2 rations

Dungeon Overview and Level Annotations

Branches:
Dungeon (1/15)

Altars:

▒ ...▒.▒▒.▒..▒▒.▒ ▒
......▒▒▒▒▒.▒.▒▒.▒...... ▒
........▒........÷...▒.▒ ▒
........▒.▒.▒.▒▒.▒...... ▒
.K......▒.▒.▒.▒▒.▒▒▒.▒.▒ ▒
..............▒▒.▒..÷... ▒
...▒..........▒▒.▒......
▒▒▒▒▒▒▒▒▒.▒▒▒▒▒.......▒▒▒.▒......
..▒...÷.........h.......▒.▒......
(.▒.▒▒▒▒▒.▒▒▒▒▒.▒▒.▒▒▒▒.▒.▒.....▒
......▒ ... ▒. ▒.▒ ▒.▒ ▒...▒.▒
▒▒▒.▒.▒▒▒▒▒▒▒.▒. ▒.▒▒▒▒.▒ ▒...▒▒▒
▒ ▒.▒........... ▒.▒....▒ ▒....
▒▒▒....▒▒▒▒▒▒ ▒▒ ▒.▒..(.▒
▒▒...▒.▒ ..▒▒▒▒.▒....▒▒▒▒▒▒▒
▒▒♣.♣▒.▒ ▒................. ▒
♣.♣▒.▒ ▒.......((......▒▒


You could see a kobold.


Message History

A kobold is nearby!
A kobold is nearby!
Casting: Shock (safe; 11% risk of failure)
Confirm with . or Enter, or press ? or * to list all spells.
Aiming: Shock (safe; 11% risk of failure)
Press: ? - help, Shift-Dir - straight line, f - kobold
Aim: a kobold, wielding a +0 dagger (resting)
The zap hits the kobold but does no damage.
The kobold shouts!
The kobold throws a stone.
The stone closely misses you.
Casting: Shock (safe; 11% risk of failure)
Confirm with . or Enter, or press ? or * to list all spells.
Aiming: Shock (safe; 11% risk of failure)
Press: ? - help, Shift-Dir - straight line, f/p - kobold
Aim: a kobold, wielding a +0 dagger The zap hits the kobold.
The kobold is moderately wounded.
The kobold throws a stone.
The stone barely misses you.
Casting: Shock (safe; 11% risk of failure)
Confirm with . or Enter, or press ? or * to list all spells.
Aiming: Shock (safe; 11% risk of failure)
Press: ? - help, Shift-Dir - straight line, f/p - kobold
Aim: a kobold, wielding a +0 dagger (moderately wounded)
The zap misses the kobold.
Casting: Shock (safe; 11% risk of failure)
Confirm with . or Enter, or press ? or * to list all spells.
You don't have enough magic to cast that spell.
Are you sure you want to abandon this character and quit the game? (Confirm with "yes".)
Okay, then.
Are you sure you want to abandon this character and quit the game? (Confirm with "yes".)

Action                   || total
-------------------------++-------
Melee: Unarmed           ||    32
       Bite              ||     2
 Cast: Shock             ||    49
  Eat: Chunk             ||    11
Armor: Skin              ||     5
Dodge: Dodged            ||    28

Levels and vault maps discovered:
D:1:      eino_arrival_tree_alley, layout_basic

Notes
Turn   | Place    | Note
-------+----------+-------------------------------------------
     0 | D:1      | sanka the Felid Wanderer began the quest for the Orb.
     0 | D:1      | sanka set off with the following items: 2 potions of
                  | lignification {!q}, a ration; and the following spell
                  | memorised: Shock; and the following spells available to
                  | memorise: Swiftness, Static Discharge, Airstrike, Lightning
                  | Bolt
     0 | D:1      | Reached XP level 1. HP: 10/10 MP: 2/2
   122 | D:1      | Reached skill level 1 in Conjurations
   122 | D:1      | Reached skill level 3 in Air Magic
   122 | D:1      | Reached XP level 2. HP: 4/14 MP: 0/3
  1222 | D:1      | Reached XP level 3. HP: 17/17 MP: 1/4
  1418 | D:1      | Quit the game

Vanquished Creatures
  A dart slug (D:1)
  2 leopard geckos (D:1)
  5 bats (D:1)
  A giant cockroach (D:1)
  3 goblins (D:1)
  4 hobgoblins (D:1)
  3 jackals (D:1)
  3 kobolds (D:1)
  3 frilled lizards (D:1)
  4 rats (D:1)
29 creatures vanquished.
